 Dungeon Crawl Stone Soup version 0.24-a0-520-g8fd06ad0bc (webtiles) character file.

Game seed: 1553843041218811190

858 Mithandil the Conjurer (level 7, -4/36 HPs)
             Began as a Deep Elf Conjurer on July 25, 2019.
             Killed by divine providence
             ... invoked by an orc priest
              (13 damage)
             ... on level 6 of the Dungeon.
             The game lasted 00:27:33 (6146 turns).

Mithandil the Conjurer (Deep Elf Conjurer)          Turns: 6146, Time: 00:27:34

Health: -4/36      AC: 10    Str:  7    XL:     7   Next: 71%
Magic:  1/17       EV: 14    Int: 20    God:
Gold:   66         SH:  0    Dex: 15    Spells: 3/17 levels left

rFire    . . .     SeeInvis .   a - +0 short sword
rCold    . . .     Gourm    .   (no shield)
rNeg     + . .     Faith    .   g - +3 leather armour
rPois    .         Spirit   .   (no helmet)
rElec    .         Reflect  .   i - +0 cloak
rCorr    .         Harm     .   (no gloves)
MR       .....                  (no boots)
Stlth    +++.......             (no amulet)
HPRegen  0.12/turn              t - +3 ring of protection
MPRegen  0.15/turn              x - ring of positive energy

@: no status effects
A: no striking features
a: no special abilities


You were on level 6 of the Dungeon.
You were hungry.

You visited 2 branches of the dungeon, and saw 8 of its levels.
You also visited: Sewer.

You collected 156 gold pieces.
You spent 90 gold pieces at shops.

Inventory:

Hand Weapons
 a - a +0 short sword (weapon)
 b - a +0 shortbow
 o - a +1 trident of protection
Missiles
 d - 7 datura-tipped darts (quivered)
 h - 64 arrows
 n - 7 boomerangs
 p - 30 poisoned darts
Armour
 g - a +3 leather armour (worn)
 i - a +0 cloak (worn)
Magical Staves
 y - an uncursed staff of summoning
Jewellery
 t - a +3 ring of protection (left hand)
 x - a ring of positive energy (right hand)
Wands
 u - a wand of enslavement (12)
 D - a wand of acid (11)
Scrolls
 e - 3 scrolls of identify
 q - 2 scrolls of remove curse
 r - 4 scrolls of teleportation
 v - a scroll of fear
 w - 2 scrolls of magic mapping
 B - a scroll of random uselessness {unknown}
Potions
 f - a potion of might {unknown}
 j - 3 potions of heal wounds {unknown}
 k - a potion of agility {unknown}
 l - 2 potions of ambrosia {unknown}
 m - a potion of haste {unknown}
 s - 8 potions of curing
 z - a potion of degeneration {unknown}
 A - a potion of magic {unknown}
 C - 3 potions of flight {unknown}
Comestibles
 c - 12 rations
 E - 10 chunks of flesh


   Skills:
 + Level 1.3 Bows
 + Level 5.1 Dodging
 + Level 5.7 Stealth
 + Level 5.9 Spellcasting
 + Level 6.2 Conjurations
 + Level 1.1 Hexes
 + Level 3.2 Translocations


You had 3 spell levels left.
You knew the following spells:

 Your Spells              Type           Power        Failure   Level  Hunger
a - Magic Dart            Conj           ####         1%          1    None
b - Searing Ray           Conj           ####..       1%          2    None
c - Force Lance           Conj/Tloc      ###.....     22%         4    ####...
d - Iskenderun's Mystic   Conj           ####....     12%         4    ####...
s - Dazzling Spray        Conj/Hex       ###...       11%         3    ##.....

Your spell library contained the following spells:

 Spells                   Type           Power        Failure   Level  Hunger
 Corona                   Hex            ##.....      10%         1    None
 Ensorcelled Hibernation  Hex/Ice        #.....       19%         2    None
 Confuse                  Hex            ##......     30%         3    ##.....
 Tukima's Dance           Hex            ##......     30%         3    ##.....
 Fulminant Prism          Conj/Hex       ###.......   34%         4    ####...


Dungeon Overview and Level Annotations

Branches:
Dungeon (7/15)             Temple (1/1) D:5

Altars:
Cheibriados
Dithmenos
Elyvilon
Fedhas
Gozag
Hepliaklqana
Kikubaaqudgha
Makhleb
Nemelex Xobeh
Okawaru
Qazlal
Ru
Sif Muna
Trog
Uskayaw
Wu Jian
Xom
Yredelemnul
Zin
The Shining One

Annotations:
D:5 1 transporter, Thantalas's ghost, novice MiFi


Message History

The orc warrior closely misses you.
Casting: Iskenderun's Mystic Blast (safe; 12% risk of failure)
Confirm with . or Enter, or press ? or * to list all spells.
Aiming: Searing Ray (safe; 1% risk of failure)
Press: ? - help, Shift-Dir - straight line, f - orc warrior
Aim: an orc warrior, wielding a +0 scimitar and wearing a +0 plate armour The searing ray hits the orc warrior!
The orc warrior is moderately wounded. (Press . to maintain the ray.)
The orc warrior hits you with a +0 scimitar!!
Ouch! That really hurt!
The searing ray hits the orc warrior.
The orc warrior is moderately wounded.
The orc warrior hits you with a +0 scimitar!
* * * LOW HITPOINT WARNING * * *
The searing ray hits the orc warrior!
The orc warrior is severely wounded.
The orc priest invokes the aid of Beogh against you.
Beogh smites you!
You die...

# #.# ##.#**,**#..**,, ###
##*#.######.#* **,...,,,,, ..##
*#.##.##....## *#.#,,,,,,
...####,#.#.))..##.## *#..,,,,*,*
....##.###......###.###.#****,*,*
.....##.#.#####o# ##.#.#* *,*,*
.....#*#.## #.# ##o#* *,*,*
...#.###.# #.#####.######*,*,*
.........## #.@o........<..,*>*
.)........# #######.#######**,*
...#.####.# #.#********,* ####.#
*.#*********#)#*,,,,,,,,*
#.#***..,,,,,,,,,...,,********
#..,,,...,,,,,,,,..#***
###***####*******###


You could see an orc warrior and an orc priest.

Vanquished Creatures
  2 ogres (D:5)
  A centaur (D:5)
  2 scorpions
  A crimson imp (D:6)
  2 hounds
  A jelly (D:5)
  An orc priest (D:6)
  3 orc wizards
  3 worker ants
  10 adders
  An ooze (D:1)
  A dart slug (D:1)
  A leopard gecko (D:1)
  19 orcs
  4 bats
  5 giant cockroaches
  3 goblins
  5 hobgoblins
  8 jackals
  A quokka (D:5)
  4 ball pythons (Sewer)
  5 frilled lizards
  15 kobolds
  A leopard gecko skeleton (D:5)
  8 rats
107 creatures vanquished.

Notes
Turn   | Place    | Note
-------+----------+-------------------------------------------
     0 | D:1      | Mithandil the Deep Elf Conjurer began the quest for the
                  | Orb.
     0 | D:1      | Reached XP level 1. HP: 10/10 MP: 6/6
   233 | D:2      | Found an iron altar of Okawaru.
   283 | D:1      | Reached XP level 2. HP: 15/15 MP: 6/8
   287 | D:1      | Learned a level 2 spell: Searing Ray
  1286 | D:2      | Reached XP level 3. HP: 19/19 MP: 8/10
  1482 | D:2      | Found a white marble altar of Elyvilon.
  1552 | D:2      | Found a stormy altar of Qazlal.
  1956 | D:3      | Found a hazy altar of Hepliaklqana.
  1983 | D:3      | Reached XP level 4. HP: 24/24 MP: 7/11
  1989 | D:3      | Learned a level 4 spell: Force Lance
  2070 | D:3      | Learned a level 4 spell: Iskenderun's Mystic Blast
  2142 | D:3      | Reached skill level 5 in Conjurations
  2159 | D:3      | Found an ornate altar of the Wu Jian Council.
  2317 | D:3      | Found a basalt altar of Yredelemnul.
  2357 | D:3      | Found a deep blue altar of Sif Muna.
  2557 | D:3      | Found a sparkling altar of Nemelex Xobeh.
  2724 | D:5      | Entered Level 5 of the Dungeon
  2899 | D:4      | Reached XP level 5. HP: 28/28 MP: 8/13
  2970 | D:4      | Reached skill level 1 in Translocations
  3384 | D:4      | Found an ancient bone altar of Kikubaaqudgha.
  3661 | D:5      | Reached XP level 6. HP: 32/32 MP: 1/15
  3841 | D:6      | Found a glowing drain.
  3876 | Sewer    | Entered a sewer
  4624 | D:5      | Reached skill level 5 in Spellcasting
  4658 | D:5      | Found Zin's Purification Station.
  4661 | D:5      | Found a glowing silver altar of Zin.
  4668 | D:5      | Found a staircase to the Ecumenical Temple.
  4669 | D:5      | Bought a potion of curing for 90 gold pieces
  4681 | Temple   | Entered the Ecumenical Temple
  4825 | D:5      | Reached skill level 5 in Stealth
  5457 | D:5      | Noticed Thantalas's ghost (novice MiFi)
  5458 | D:5      | Found a transporter.
  5467 | D:5      | Reached XP level 7. HP: 32/36 MP: 12/17
  5488 | D:5      | Found a shadowy altar of Dithmenos.
  5704 | D:5      | Reached skill level 6 in Conjurations
  5709 | D:5      | Learned a level 3 spell: Dazzling Spray
  5904 | D:5      | Reached skill level 5 in Dodging
  6007 | D:6      | Reached skill level 1 in Bows
  6116 | D:6      | Reached skill level 1 in Hexes
  6146 | D:6      | Killed from afar by an orc priest

Levels and vault maps discovered:
D:1:      minmay_arrival_diagonal_passages, layout_basic, kennysheep_doodads,
          minmay_pentomino_q2
D:2:      layout_basic, elyvilon_altar_3, overflow_temple_1_default,
          lemuel_crystal_altar, serial_bayou_pond_c, minmay_door_square
D:3:      layout_loops_corners, grunt_temple_overflow_open, lemuel_doored_altar,
          lemuel_crystal_altar, marbit_many_paths
D:4:      layout_loops_cross, old_standard_altar
D:5:      layout_basic, zin_purify, lemuel_crystal_altar,
          minmay_temple_entry_tees, gammafunk_ghost_smash, first_ration
D:6:      layout_loops_ring, lemuel_crystal_altar, nicolae_ashenzari_panopticon,
          gup_sewer_entry_glass, dk_yredelemnul_ordeal, uniq_eustachio
D:7:      layout_rooms, serial_shops, nicolae_shop_crystal, grunt_ogre_cave,
          ldierk_geyser, uniq_joseph, uniq_prince_ribbit1
Temple:   nicolae_temple_figure_zero

Skill      XL: |  1  2  3  4  5  6  7 |
---------------+----------------------+-----
Stealth        | 3 4 5 |  5.7
Dodging        | 3 4 5 |  5.1
Spellcasting   | 4 5 |  5.9
Conjurations   | 5 6 |  6.2
Translocations | 1 2 3 |  3.2
Bows           | 1 |  1.3
Hexes          | 1 |  1.1

Action                   |  1- 3 |  4- 6 |  7- 9 || total
-------------------------+-------+-------+-------++-------
Melee: Short sword       |     9 |    62 |       ||    71
 Cast: Magic Dart        |    72 |   107 |    14 ||   193
       Iskenderun's Myst |       |     7 |     6 ||    13
       Searing Ray       |       |    13 |     4 ||    17
  Use: Scroll            |     2 |     7 |     1 ||    10
 Stab: Sleeping          |     1 |       |       ||     1
  Eat: Chunk             |     3 |     7 |     1 ||    11
       Ration            |       |     2 |       ||     2
Armor: Leather armour    |     7 |    70 |     1 ||    78
Dodge: Dodged            |     8 |   135 |     5 ||   148

Table legend:
 A = Non-vault XP
 B = Vault XP
 C = Vault XP percentage of total XP
 D = Non-vault monster count
 E = Vault monster count
 F = Vault count percentage of total count
                 A         B        C        D         E       F
            +---------+---------+-------+---------+---------+-------
      Total |    1169 |      58 |   4.7 |      85 |      22 |  20.6
            +---------+---------+-------+---------+---------+-------
        D:1 |      37 |       1 |   2.6 |      17 |       1 |   5.6
        D:2 |      36 |       0 |   0.0 |       9 |       0 |   0.0
        D:3 |      66 |       2 |   2.9 |      18 |       1 |   5.3
        D:4 |     174 |       0 |   0.0 |       5 |       0 |   0.0
        D:5 |     608 |       0 |   0.0 |      27 |       0 |   0.0
        D:6 |     248 |      15 |   5.7 |       9 |       2 |  18.2
      Sewer |       0 |      40 | 100.0 |       0 |      18 | 100.0
            +---------+---------+-------+---------+---------+-------
